Map: Ephemeron LE

Players

Mez

  • Race: Terran Terran
  • League: Master
  • Spawn Location: 11:00

ShenaniGans - Winner!

  • Race: Zerg Zerg
  • League: Diamond
  • Spawn Location: 5:00

VOD

Have the link to the VOD?

Description

Time

  • Played on: Aug. 28, 2019, 9:35 p.m.
  • Length: 10:08
Show
View Real Time Build Order
Export as new Build Order

Mez Terran 

Build Orders: Reaper Expand 

Get SALT Encoding   

  12  0:00  SCV  
  13  0:13  SCV  
  14  0:17  Supply Depot  
  14  0:25  SCV  
  15  0:38  SCV  
  15  0:39  Barracks  
  16  0:44  Refinery  
  16  0:51  SCV  
  17  1:03  SCV  
  18  1:15  SCV  
  19  1:28  Orbital Command  
  19  1:29  Reaper  
  20  1:42  Command Center  
  20  1:50  Supply Depot  
  20  1:54  SCV  
  21  2:01  Marine  
  21  2:16  Bunker, Factory  
  19  2:33  SCV  
  19  2:34  Barracks Reactor  
  18  2:45  SCV  
  18  2:48  Refinery  
  19  2:57  Bunker, SCV  
  20  3:13  SCV  
  20  3:14  Orbital Command  
  20  3:19  Starport  
  21  3:20  Barracks Tech Lab  
  21  3:25  SCV  
  21  3:26  Hellion x2  
  26  3:37  SCV  
  27  3:42  SCV  
  28  3:49  SCV  
  29  3:59  Factory Tech Lab, SCV  
  29  4:00  Marine x2  
  29  4:01  SCV  
  33  4:03  Banshee  
  33  4:08  Supply Depot  
  36  4:11  SCV  
  36  4:13  SCV  
  38  4:18  Marine x2, Siege Tank  
  38  4:23  SCV  
  44  4:25  SCV  
  45  4:41  Marine  
  45  4:42  Marine  
  45  4:43  SCV x2  
  49  4:46  Banshee  
  52  4:55  SCV x2  
  52  4:57  Supply Depot  
  52  4:58  Supply Depot  
  54  5:08  Refinery  
  54  5:19  Marine x2, SCV x2  
  61  5:26  Command Center  
  61  5:28  Supply Depot  
  61  5:31  SCV x2  
  63  5:38  Viking  
  63  5:40  Cyclone  
  65  5:43  Marine x2, SCV  
  65  5:44  Engineering Bay  
  67  5:59  SCV x2  
  67  6:02  Engineering Bay  
  62  6:20  Barracks  
  62  6:22  Starport Reactor  
  62  6:23  Barracks  
  62  6:26  SCV  
  62  6:27  SCV  
  64  6:34  Marine  
  64  6:35  Marine, Supply Depot  
  64  6:36  Cyclone  
  64  6:37  Supply Depot  
  64  6:39  SCV  
  70  6:44  Terran Infantry Weapons Level 1  
  67  6:59  Marine x2  
  69  7:02  Supply Depot  
  69  7:03  SCV x2  
  71  7:12  Refinery  
  71  7:13  Terran Infantry Armor Level 1  
  71  7:15  Missile Turret  
  71  7:17  Missile Turret  
  71  7:18  Siege Tank  
  73  7:27  Viking  
  73  7:28  Viking  
  73  7:29  Armory  
  74  7:33  SCV x2  
  74  7:43  Missile Turret  
  72  7:45  Orbital Command  
  72  7:46  SCV  
  72  7:47  SCV  
  74  7:58  Marine x3  
  74  7:59  SCV x2, Medivac  
  74  8:00  Medivac  
  74  8:05  Missile Turret  
  83  8:15  Supply Depot  
  83  8:17  Supply Depot  
  82  8:21  Thor  
  82  8:23  Marine x2  
  90  8:39  Marine x3  
  90  8:41  Marine, Starport Reactor  
  93  8:43  Orbital Command  
  93  8:51  SCV x2  
  90  9:03  SCV  
  90  9:05  Missile Turret  
  90  9:06  Refinery  
  91  9:10  SCV x2  
  91  9:12  Marine  
  91  9:13  Marine x3  
  91  9:15  SCV  
  97  9:22  SCV x2  
  99  9:27  SCV  
  99  9:29  Hellion  
  102  9:31  Missile Turret  
  102  9:34  SCV  
  102  9:35  SCV  
  102  9:36  Marine x3  
  107  9:39  SCV  
  108  9:47  SCV  
  111  9:59  Factory  
Show
View Real Time Build Order
Export as new Build Order

ShenaniGans Zerg - Winner!

Build Orders: Pool First, Muta Ling Bane 

Get SALT Encoding   

  12  0:00  Drone  
  13  0:09  Drone  
  14  0:17  Overlord  
  14  0:33  Spawning Pool  
  13  0:36  Drone  
  13  0:42  Drone  
  15  0:44  Drone  
  16  1:02  Drone  
  17  1:16  Extractor  
  16  1:20  Zergling x6, Queen  
  21  1:31  Drone  
  22  1:35  Hatchery  
  21  1:43  Drone  
  22  1:52  Overlord  
  22  2:10  Overlord, Queen  
  22  2:14  Drone  
  25  2:24  Drone  
  25  2:29  Drone x3  
  28  2:37  Drone  
  28  2:46  Lair  
  28  2:47  Drone x2  
  29  2:52  Extractor  
  29  2:58  Drone  
  29  2:59  Drone  
  30  3:10  Drone x2  
  32  3:18  Drone x3  
  35  3:20  Drone  
  35  3:22  Overlord  
  36  3:27  Drone x2  
  36  3:28  Drone  
  36  3:32  Drone  
  40  3:41  Overlord  
  40  3:47  Spire  
  40  3:48  Drone x2  
  41  3:49  Extractor  
  41  3:50  Extractor  
  41  3:54  Drone x2  
  41  3:58  Queen  
  41  3:59  Queen  
  45  4:06  Drone  
  45  4:07  Drone  
  47  4:17  Overseer  
  47  4:24  Drone x2  
  47  4:25  Overlord  
  49  4:40  Drone x5  
  54  4:52  Overlord  
  54  4:59  Mutalisk x4  
  54  5:04  Mutalisk, Spore Crawler x2  
  62  5:09  Mutalisk x2  
  62  5:11  Overlord  
  66  5:14  Drone  
  66  5:15  Drone  
  66  5:17  Drone  
  66  5:18  Drone  
  66  5:20  Overlord  
  70  5:27  Mutalisk, Hatchery  
  71  5:29  Drone  
  72  5:38  Zerg Flyer Weapons Level 1, Drone  
  72  5:39  Drone  
  74  5:47  Drone  
  74  5:49  Overlord, Drone x4  
  79  5:50  Drone  
  79  5:52  Drone  
  81  6:00  Drone  
  81  6:03  Drone  
  83  6:11  Drone  
  84  6:13  Overlord  
  84  6:18  Drone x3  
  85  6:32  Mutalisk x5  
  95  6:33  Evolution Chamber  
  95  6:35  Baneling Nest  
  95  6:36  Overlord, Evolution Chamber  
  92  6:40  Drone x2  
  94  6:55  Mutalisk x3  
  94  6:59  Queen  
  94  7:00  Extractor  
  101  7:01  Extractor  
  101  7:02  Drone x7  
  101  7:03  Hatchery  
  101  7:04  Overlord  
  106  7:10  Zerg Melee Weapons Level 1  
  106  7:11  Zerg Ground Armor Level 1  
  106  7:13  Drone x2  
  108  7:22  Centrifical Hooks  
  108  7:25  Drone x4  
  112  7:44  Zergling x20  
  112  7:46  Overlord  
  122  7:53  Overlord  
  122  8:02  Hatchery  
  122  8:03  Hatchery  
  122  8:04  Zergling x10  
  125  8:05  Metabolic Boost  
  125  8:15  Baneling  
  125  8:16  Zergling x10, Baneling x14  
  130  8:21  Zergling x2  
  130  8:26  Zergling x2  
  132  8:40  Overlord x2, Zergling x24  
  144  8:57  Zergling x10  
  144  9:02  Overlord  
  149  9:04  Zergling x10  
  149  9:05  Overlord  
  152  9:12  Zergling x6  
  155  9:21  Overseer  
  155  9:26  Zergling x10  
  156  9:35  Zergling x14  
  163  9:38  Baneling  
  163  9:39  Baneling x27  
  163  9:40  Baneling x20  
  163  9:41  Baneling  
  163  9:42  Baneling x2  
  163  9:43  Baneling  
  163  9:51  Zergling x14  
Tags
 
Add a new tag
Caveats
  • Supply blocks, unpowered buildings, or Contaminate may cause inaccurate times.
  • Supply counts are checked every 10 seconds.